APP
GREENEVILLE ASTROS @ OREM OWLZ
10/09/2049
 
TOP OF THE 1ST
Seattle (APP) Mariners batting - Pitching for Oakland (APP) Athletics : RHP Guadalupe Vasguez
Pitching: RHP Guadalupe Vasguez
Batting: LHB Humberto Herrada 0-0: Ball
1-0: Ball
2-0: Fly out, F4 (Line Drive, 4, EV 72.5 MPH)
Batting: RHB Corey Davis 0-0: Swinging Strike
0-1: Ball
1-1: Ball
2-1: Ground out 6-3 (Groundball, 6, EV 82.5 MPH)
Batting: LHB Griffin Fogle 0-0: Ball
1-0: Foul Ball, location: 2F
1-1: Ball
2-1: Called Strike
2-2: Foul Ball, location: 2F
2-2: Strikes out swinging
Top of the 1st over - 0 runs, 0 hits, 0 errors, 0 left on base; Seattle (APP) 0 - Oakland (APP) 0
BOTTOM OF THE 1ST
Oakland (APP) Athletics batting - Pitching for Seattle (APP) Mariners : LHP Josh Valles
Pitching: LHP Josh Valles
Batting: RHB Danny Murillo 0-0: Ball
1-0: Bunt missed!
1-1: Ball
2-1: Ball
3-1: Ground out U3 (Groundball, 34, EV 90.0 MPH)
Batting: RHB Stu Rancourt 0-0: Ball
1-0: Swinging Strike
1-1: Bunted foul
1-2: Ball
2-2: Strikes out swinging
Batting: RHB John Henderson 0-0: Ball
1-0: Ball
2-0: Foul Ball, location: 2F
2-1: Foul Ball, location: 2F
2-2: Foul Ball, location: 2F
2-2: Fly out, F3 (Popup, 34, EV 67.5 MPH)
Bottom of the 1st over - 0 runs, 0 hits, 0 errors, 0 left on base; Seattle (APP) 0 - Oakland (APP) 0
TOP OF THE 2ND
Seattle (APP) Mariners batting - Pitching for Oakland (APP) Athletics : RHP Guadalupe Vasguez
Batting: RHB J.J. Phillips 0-0: Ball
1-0: Called Strike
1-1: Ball
2-1: Called Strike
2-2: Ball
3-2: Strikes out looking
Batting: LHB Joe Thompson 0-0: Called Strike
0-1: Ball
1-1: Foul Ball, location: 2F
1-2: Strikes out swinging
Batting: RHB Manny Santos 0-0: Ball
1-0: Ball
2-0: Foul Ball, location: 2F
2-1: Foul Ball, location: 2F
2-2: Foul Ball, location: 2F
2-2: Ball
3-2: Ground out 4-3 (Groundball, 4, EV 93.8 MPH)
Top of the 2nd over - 0 runs, 0 hits, 0 errors, 0 left on base; Seattle (APP) 0 - Oakland (APP) 0
BOTTOM OF THE 2ND
Oakland (APP) Athletics batting - Pitching for Seattle (APP) Mariners : LHP Josh Valles
Batting: RHB Omar Quintana 0-0: Called Strike
0-1: Called Strike
0-2: Ball
1-2: SINGLE (Groundball, 6D, EV 98.1 MPH)
Batting: RHB Javier Garcia 0-0: Ball
1-0: Ball
2-0: Called Strike
2-1: Fly out, F7 (Line Drive, 7, EV 96.3 MPH)
Batting: LHB Yoshinari Nara 0-0: Ball
1-0: Ball
2-0: Ball
3-0: Foul Ball, location: 2F
3-1: Called Strike
3-2: Fielders Choice at 2nd, 3-6 (Groundball, 3, EV 85.0 MPH)
Batting: RHB Gabe Robles 0-0: Ball
1-0: Ball
2-0: Ball
3-0: Called Strike
3-1: Base on Balls
Yoshinari Nara to second
Batting: LHB Clyde Saxton 0-0: Foul Ball, location: 2F
0-1: 3-RUN HOME RUN (Flyball, 9D, EV 106.9 MPH), Distance : 346 ft
Batting: LHB Robert Ibarra 0-0: Ball
1-0: Foul Ball, location: 2F
1-1: Ball
2-1: Swinging Strike
2-2: Ball
3-2: Foul Ball, location: 2F
3-2: SINGLE (Groundball, 4MD, EV 100.0 MPH)
Batting: RHB Danny Murillo 0-0: Called Strike
0-1: SINGLE (Line Drive, 9S, EV 109.4 MPH)
Robert Ibarra to second
Batting: RHB Stu Rancourt 0-0: Ball
1-0: Ball
2-0: Foul Ball, location: 2F
2-1: Foul Ball, location: 2F
2-2: 3-RUN HOME RUN (Flyball, 7D, EV 95.0 MPH), Distance : 374 ft
Batting: RHB John Henderson 0-0: Ball
1-0: Ball
2-0: Ball
3-0: Base on Balls
Pitching: RHP Sadayuki Matsumoto
Batting: RHB Omar Quintana 0-0: Ball
1-0: Foul Ball, location: 2F
1-1: Ball
2-1: Foul Ball, location: 2F
2-2: SINGLE (Groundball, 6D, EV 94.4 MPH)
John Henderson to second
Batting: RHB Javier Garcia 0-0: Ball
1-0: Called Strike
1-1: Hit by Pitch
John Henderson to third
Omar Quintana to second
Batting: LHB Yoshinari Nara 0-0: Called Strike
0-1: Ball
1-1: Swinging Strike
1-2: Strikes out swinging
Bottom of the 2nd over - 6 runs, 6 hits, 0 errors, 3 left on base; Seattle (APP) 0 - Oakland (APP) 6
TOP OF THE 3RD
Seattle (APP) Mariners batting - Pitching for Oakland (APP) Athletics : RHP Guadalupe Vasguez
Batting: RHB Abel Gray 0-0: Ball
1-0: Called Strike
1-1: Called Strike
1-2: Strikes out swinging
Batting: RHB David Knox 0-0: Called Strike
0-1: Foul Ball, location: 2F
0-2: Ball
1-2: Ball
2-2: Foul Ball, location: 2F
2-2: Ball
3-2: Base on Balls
Batting: RHB Evan Bohringer 0-0: Called Strike
0-1: Ball
1-1: Foul Ball, location: 2F
1-2: Ball
2-2: Foul Ball, location: 2F
2-2: Fly out, F8 (Flyball, 89M, EV 89.4 MPH)
Batting: LHB Humberto Herrada 0-0: Fly out, F7 (Flyball, 7, EV 93.8 MPH)
Top of the 3rd over - 0 runs, 0 hits, 0 errors, 1 left on base; Seattle (APP) 0 - Oakland (APP) 6
BOTTOM OF THE 3RD
Oakland (APP) Athletics batting - Pitching for Seattle (APP) Mariners : RHP Sadayuki Matsumoto
Batting: RHB Gabe Robles 0-0: Called Strike
0-1: Ball
1-1: Ground out 4-3 (Groundball, 34, EV 90.0 MPH)
Batting: LHB Clyde Saxton 0-0: Foul Ball, location: 2F
0-1: Ball
1-1: Swinging Strike
1-2: Ball
2-2: Foul Ball, location: 2F
2-2: Foul Ball, location: 2F
2-2: Ball
3-2: Foul Ball, location: 2F
3-2: Fly out, F7 (Flyball, 7S, EV 86.9 MPH)
Batting: LHB Robert Ibarra 0-0: Ball
1-0: Called Strike
1-1: Foul Ball, location: 2F
1-2: Ball
2-2: Ball
3-2: Foul Ball, location: 2F
3-2: Base on Balls
Batting: RHB Danny Murillo 0-0: Swinging Strike
0-1: Foul Ball, location: 2F
0-2: Foul Ball, location: 2F
0-2: Ball
1-2: Foul Ball, location: 2F
1-2: 2-RUN HOME RUN (Line Drive, 7D, EV 107.5 MPH), Distance : 379 ft
Batting: RHB Stu Rancourt 0-0: Ball
1-0: Ball
2-0: Swinging Strike
2-1: Ball
3-1: Swinging Strike
3-2: Foul Ball, location: 2F
3-2: Foul Ball, location: 2F
3-2: Base on Balls
Batting: RHB John Henderson 0-0: Ball
1-0: Foul Ball, location: 2F
1-1: Foul Ball, location: 2F
1-2: Ball
2-2: Ball
3-2: Ground out 1-3 (Groundball, P, EV 68.1 MPH)
Bottom of the 3rd over - 2 runs, 1 hit, 0 errors, 1 left on base; Seattle (APP) 0 - Oakland (APP) 8
TOP OF THE 4TH
Seattle (APP) Mariners batting - Pitching for Oakland (APP) Athletics : RHP Guadalupe Vasguez
Batting: RHB Corey Davis 0-0: Foul Ball, location: 2F
0-1: Ball
1-1: Called Strike
1-2: Foul Ball, location: 2F
1-2: Strikes out swinging
Batting: LHB Griffin Fogle 0-0: Called Strike
0-1: Ball
1-1: Ball
2-1: Swinging Strike
2-2: Ball
3-2: Strikes out swinging
Batting: RHB J.J. Phillips 0-0: Ball
1-0: Ball
2-0: Ball
3-0: Called Strike
3-1: Base on Balls
Batting: LHB Joe Thompson 0-0: Ball
1-0: Called Strike
1-1: Foul Ball, location: 2F
1-2: Ball
2-2: Ball
3-2: Foul Ball, location: 2F
3-2: Foul Ball, location: 2F
3-2: Strikes out looking
Top of the 4th over - 0 runs, 0 hits, 0 errors, 1 left on base; Seattle (APP) 0 - Oakland (APP) 8
BOTTOM OF THE 4TH
Oakland (APP) Athletics batting - Pitching for Seattle (APP) Mariners : RHP Sadayuki Matsumoto
Batting: RHB Omar Quintana 0-0: Called Strike
0-1: Ball
1-1: Swinging Strike
1-2: Ball
2-2: Ground out 6-3 (Groundball, 6, EV 96.3 MPH)
Batting: RHB Javier Garcia 0-0: Called Strike
0-1: Ball
1-1: Ball
2-1: SOLO HOME RUN (Flyball, 89XD, EV 95.6 MPH), Distance : 383 ft
Batting: LHB Yoshinari Nara 0-0: Called Strike
0-1: DOUBLE (Line Drive, 8RXD, EV 105.0 MPH)
Pitching: RHP Chris Keen
Batting: RHB Gabe Robles 0-0: Ball
1-0: Foul Ball, location: 2F
1-1: Foul Ball, location: 2F
1-2: Foul Ball, location: 2F
1-2: Ball
2-2: Fly out, F7 (Flyball, 7, EV 84.4 MPH)
Batting: LHB Clyde Saxton 0-0: Foul Ball, location: 2F
0-1: Ball
1-1: Swinging Strike
1-2: Ball
2-2: Ball
3-2: DOUBLE (Groundball, 5L, EV 107.5 MPH)
Yoshinari Nara scores
Batting: LHB Robert Ibarra 0-0: Ball
1-0: Ball
Wild Pitch!
Clyde Saxton to third
2-0: Foul Ball, location: 2F
2-1: Called Strike
2-2: Foul Ball, location: 2F
2-2: Strikes out looking
Bottom of the 4th over - 2 runs, 3 hits, 0 errors, 1 left on base; Seattle (APP) 0 - Oakland (APP) 10
TOP OF THE 5TH
Seattle (APP) Mariners batting - Pitching for Oakland (APP) Athletics : RHP Guadalupe Vasguez
Batting: RHB Manny Santos 0-0: Ball
1-0: Ball
2-0: Ball
3-0: Swinging Strike
3-1: Base on Balls
Batting: RHB Abel Gray 0-0: Ball
1-0: Fly out, F5 (Popup, 5SF, EV 66.9 MPH)
Batting: RHB David Knox 0-0: Ball
1-0: Ball
2-0: Ball
3-0: Base on Balls
Manny Santos to second
Batting: RHB Evan Bohringer 0-0: Called Strike
0-1: Swinging Strike
0-2: Strikes out swinging
Batting: LHB Humberto Herrada 0-0: Called Strike
0-1: Ball
1-1: Foul Ball, location: 2F
1-2: Fly out, F8 (Flyball, 89M, EV 76.9 MPH)
Top of the 5th over - 0 runs, 0 hits, 0 errors, 2 left on base; Seattle (APP) 0 - Oakland (APP) 10
BOTTOM OF THE 5TH
Oakland (APP) Athletics batting - Pitching for Seattle (APP) Mariners : RHP Chris Keen
Batting: RHB Danny Murillo 0-0: Called Strike
0-1: SINGLE (Line Drive, 7S, EV 98.1 MPH)
Batting: RHB Stu Rancourt 0-0: Ball
1-0: Fly out, F9 (Flyball, 9LSF, EV 95.6 MPH)
Batting: RHB John Henderson 0-0: Swinging Strike
0-1: Foul Ball, location: 2F
0-2: Ball
1-2: Ball
2-2: Ball
3-2: Foul Ball, location: 2F
3-2: Base on Balls
Danny Murillo to second
Batting: RHB Omar Quintana 0-0: Swinging Strike
0-1: Swinging Strike
0-2: Strikes out swinging
Batting: RHB Javier Garcia 0-0: Ball
1-0: Ball
2-0: Ball
Wild Pitch!
Danny Murillo to third
John Henderson to second
3-0: Base on Balls
Batting: LHB Yoshinari Nara 0-0: Ball
1-0: Called Strike
1-1: Ball
2-1: Ball
3-1: Foul Ball, location: 2F
3-2: Base on Balls
Danny Murillo scores
John Henderson to third
Javier Garcia to second
Batting: RHB Gabe Robles 0-0: Called Strike
0-1: Called Strike
0-2: Foul Ball, location: 2F
0-2: Strikes out looking
Bottom of the 5th over - 1 run, 1 hit, 0 errors, 3 left on base; Seattle (APP) 0 - Oakland (APP) 11
TOP OF THE 6TH
Seattle (APP) Mariners batting - Pitching for Oakland (APP) Athletics : RHP Guadalupe Vasguez
Batting: RHB Corey Davis 0-0: Foul Ball, location: 2F
0-1: Called Strike
0-2: Strikes out swinging
Batting: LHB Griffin Fogle 0-0: Ball
1-0: Called Strike
1-1: Ball
2-1: Swinging Strike
2-2: Foul Ball, location: 2F
2-2: Ball
3-2: Fly out, F5 (Line Drive, 5, EV 67.5 MPH)
Batting: RHB J.J. Phillips 0-0: Ball
1-0: Fly out, F9 (Flyball, 89M, EV 92.5 MPH)
Top of the 6th over - 0 runs, 0 hits, 0 errors, 0 left on base; Seattle (APP) 0 - Oakland (APP) 11
BOTTOM OF THE 6TH
Oakland (APP) Athletics batting - Pitching for Seattle (APP) Mariners : RHP Chris Keen
Batting: LHB Clyde Saxton 0-0: Ball
1-0: Swinging Strike
1-1: Called Strike
1-2: Strikes out looking
Batting: LHB Robert Ibarra 0-0: Called Strike
0-1: Called Strike
0-2: Ball
1-2: Ball
2-2: Ball
3-2: Foul Ball, location: 2F
3-2: Foul Ball, location: 2F
3-2: Base on Balls
Pitching: RHP Alex Camacho
Batting: RHB Danny Murillo 0-0: Ball
1-0: Called Strike
1-1: Fielders Choice at 2nd, 6-4 (Groundball, 56, EV 86.3 MPH)
Batting: RHB Stu Rancourt 0-0: Ball
1-0: Ball
2-0: Ball
3-0: Base on Balls
Danny Murillo to second
Batting: RHB John Henderson 0-0: Foul Ball, location: 2F
0-1: Ball
1-1: Foul Ball, location: 2F
1-2: Reached on error, E5 (Groundball, 56S, EV 90.6 MPH)
Danny Murillo to third
Stu Rancourt to second
Batting: RHB Omar Quintana 0-0: Ball
1-0: DOUBLE (Flyball, 78D, EV 99.4 MPH)
Danny Murillo scores
Stu Rancourt scores
John Henderson to third
Batting: RHB Javier Garcia 0-0: Ball
1-0: Called Strike
1-1: Called Strike
1-2: Foul Ball, location: 2F
1-2: Strikes out swinging
Bottom of the 6th over - 2 runs, 1 hit, 1 error, 2 left on base; Seattle (APP) 0 - Oakland (APP) 13
TOP OF THE 7TH
Seattle (APP) Mariners batting - Pitching for Oakland (APP) Athletics : RHP Guadalupe Vasguez
Pinch Hitting: LHB Jeremy Kreig 0-0: Swinging Strike
0-1: Foul Ball, location: 2F
0-2: Strikes out looking
Batting: RHB Manny Santos 0-0: Called Strike
0-1: Ball
1-1: Ball
2-1: Swinging Strike
2-2: Ground out 2-3 (Groundball, 2L, EV 73.8 MPH)
Batting: RHB Abel Gray 0-0: Ball
1-0: Ball
2-0: Ball
3-0: Called Strike
3-1: Base on Balls
Batting: RHB David Knox 0-0: Swinging Strike
0-1: Ground out 5-3 (Groundball, 56S, EV 83.8 MPH)
Top of the 7th over - 0 runs, 0 hits, 0 errors, 1 left on base; Seattle (APP) 0 - Oakland (APP) 13
BOTTOM OF THE 7TH
Oakland (APP) Athletics batting - Pitching for Seattle (APP) Mariners : RHP Alex Camacho
Now in RF: Jeremy Kreig
Batting: LHB Yoshinari Nara 0-0: Swinging Strike
0-1: Ball
1-1: Ground out 4-3 (Groundball, 4, EV 108.8 MPH)
Batting: RHB Gabe Robles 0-0: Ball
1-0: Called Strike
1-1: Foul Ball, location: 2F
1-2: Strikes out swinging
Pinch Hitting: RHB Gregorio Meza 0-0: Called Strike
0-1: Foul Ball, location: 2F
0-2: Ground out 6-3 (Groundball, 6, EV 97.5 MPH)
Bottom of the 7th over - 0 runs, 0 hits, 0 errors, 0 left on base; Seattle (APP) 0 - Oakland (APP) 13
TOP OF THE 8TH
Seattle (APP) Mariners batting - Pitching for Oakland (APP) Athletics : RHP Guadalupe Vasguez
Now at SS: Bobby Osterberg
Batting: RHB Evan Bohringer 0-0: Ball
1-0: Ball
2-0: Called Strike
2-1: Ball
3-1: Base on Balls
Pinch Hitting: LHB Devonte Williams 0-0: Foul Ball, location: 2F
0-1: Ball
1-1: Ball
2-1: Foul Ball, location: 2F
2-2: Ball
3-2: Reached on error, E4 (Groundball, 34, EV 78.8 MPH)
Evan Bohringer to second
Batting: RHB Corey Davis 0-0: Ball
1-0: Foul Ball, location: 2F
1-1: Swinging Strike
1-2: Fly out, F9 (Flyball, 9S, EV 76.3 MPH)
Batting: LHB Griffin Fogle 0-0: Called Strike
0-1: Ball
1-1: Foul Ball, location: 2F
1-2: Fielders Choice at 2nd, 4-6 (Groundball, 4, EV 82.5 MPH)
Evan Bohringer to third
Batting: RHB J.J. Phillips 0-0: Ground out 1-3 (Groundball, 13, EV 88.1 MPH)
Top of the 8th over - 0 runs, 0 hits, 1 error, 2 left on base; Seattle (APP) 0 - Oakland (APP) 13
BOTTOM OF THE 8TH
Oakland (APP) Athletics batting - Pitching for Seattle (APP) Mariners : RHP Alex Camacho
Now in CF: Devonte Williams
Batting: LHB Robert Ibarra 0-0: Ball
1-0: Called Strike
1-1: Foul Ball, location: 2F
1-2: Ball
2-2: Foul Ball, location: 2F
2-2: Ground out 4-3 (Groundball, 4M, EV 98.8 MPH)
Batting: RHB Danny Murillo 0-0: Ground out 5-3 (Groundball, 56S, EV 85.0 MPH)
Batting: RHB Stu Rancourt 0-0: Called Strike
0-1: Swinging Strike
0-2: Foul Ball, location: 2F
0-2: Strikes out swinging
Bottom of the 8th over - 0 runs, 0 hits, 0 errors, 0 left on base; Seattle (APP) 0 - Oakland (APP) 13
TOP OF THE 9TH
Seattle (APP) Mariners batting - Pitching for Oakland (APP) Athletics : RHP Guadalupe Vasguez
Batting: LHB Jeremy Kreig 0-0: Ball
1-0: Foul Ball, location: 2F
1-1: Ground out 3-1 (Groundball, 34, EV 90.0 MPH)
Batting: RHB Manny Santos 0-0: Foul Ball, location: 2F
0-1: Swinging Strike
0-2: Ball
1-2: Ball
2-2: Ball
3-2: Ground out 4-3 (Groundball, 4, EV 103.8 MPH)
Batting: RHB Abel Gray 0-0: Ball
1-0: Ball
2-0: Ball
3-0: Called Strike
3-1: Ground out 5-3 (Groundball, 5, EV 80.0 MPH)
Top of the 9th over - 0 runs, 0 hits, 0 errors, 0 left on base; Seattle (APP) 0 - Oakland (APP) 13
Sunday, July 16th , 2023 - OOTP Baseball 24.6 Build 69